 Dungeon Crawl Stone Soup version 0.29.0-4-gdea44cf6ec (webtiles) character file.

Game seed: 6690490828310840073

1283 qw the Cleaver (level 8, -4/70 HPs)
             Began as a Minotaur Fighter on Sept 6, 2022.
             Was an Initiate of Ru.
             Slain by an orc warrior
             ... wielding a +0 glaive
              (9 damage)
             ... on level 6 of the Dungeon.
             The game lasted 00:02:02 (5889 turns).

qw the Cleaver (Minotaur Fighter)                   Turns: 5889, Time: 00:02:02

Health: -4/70      AC: 12    Str: 24    XL:     8   Next: 29%
Magic:  7/7        EV:  8    Int:  8    God:    Ru [......]
Gold:   231        SH:  4    Dex:  9    Spells: 7/7 levels left

rFire   . . .      SeeInvis .   Y - +0 broad axe
rCold   + + .      Faith    .   c - +0 buckler
rNeg    . . .      Spirit   .   n - +0 chain mail
rPois   .          Reflect  .   (helmet restricted)
rElec   .          Harm     .   (no cloak)
rCorr   .          Rampage  .   j - +2 pair of gloves of an ossuary {rC++ Int+3 Stlth-}
Will    +....                   (no boots)
Stlth   ..........              (no amulet)
HPRegen 0.21/turn               l - ring of willpower
MPRegen 0.10/turn               (no ring)

@: no status effects
A: horns 2, retaliatory headbutt
a: Renounce Religion


You were on level 6 of the Dungeon.
You worshipped Ru.
Ru was noncommittal.
You visited 2 branches of the dungeon, and saw 7 of its levels.

You collected 231 gold pieces.


Innate Abilities, Weirdness & Mutations

You have a pair of horns on your head.
You reflexively headbutt those who attack you in melee.


   Skills:
 - Level 6.0 Fighting
 + Level 10.5 Axes
 - Level 2.9 Throwing
 - Level 3.6 Armour
 - Level 1.0 Dodging
 - Level 3.6 Shields


You had 7 spell levels left.
You didn't know any spells.
Your spell library was empty.

Inventory:

Hand Weapons
 i - a +3 flail of protection
 Y - a +0 broad axe (weapon)
Missiles
 o - 2 silver javelins (quivered)
Armour
 c - a +0 buckler (worn)
 j - the +2 pair of gloves of an ossuary (worn) {rC++ Int+3 Stlth-}
   (You found it on level 2 of the Dungeon)

   Int:       It affects your intelligence (+3).
   rC:        It greatly protects you from cold.
   Stlth:     It makes you less stealthy.
 n - a +0 chain mail (worn)
Jewellery
 l - a ring of willpower (left hand)
Scrolls
 b - a scroll of enchant armour
Potions
 a - a potion of brilliance {unknown}
 d - 3 potions of might
 e - a potion of curing {unknown}
 f - a potion of attraction {unknown}
 g - a potion of resistance {unknown}
 h - a potion of heal wounds {unknown}
 k - a potion of magic {unknown}

Dungeon Overview and Level Annotations

Branches:
Dungeon (6/15)             Temple (1/1) D:5

Altars:
Ashenzari
Cheibriados
Dithmenos
Elyvilon
Fedhas
Gozag
Makhleb
Nemelex Xobeh
Okawaru
Qazlal
Ru
Sif Muna
Trog
Uskayaw
Vehumet
Wu Jian
Yredelemnul
Zin

Annotations:
D:3 1 runed translucent door, Crazy Yiuf


Message History

The orc priest looks braver for a moment.
You hit the orc priest but do no damage.
You hit the orc. The orc hits you but does no damage.
The orc warrior hits you from afar with a +0 glaive!
The orc priest miscasts a cantrip.
You slash the orc!
You kill the orc!
You closely miss the orc priest. The orc priest hits you with a +0 club.
The orc warrior hits you from afar with a +0 glaive!
You hit the orc priest. Your headbutt misses the orc priest.
The orc priest is lightly wounded.
You slash the necrophage!
The orc priest miscasts a cantrip.
The orc warrior hits you from afar with a +0 glaive!
The necrophage hits you but does no damage.
You slash the necrophage!
You destroy the necrophage!
You hit the orc priest.
The orc priest calls down the wrath of Beogh upon you.
Beogh smites you! You block the orc warrior's attack.
You hit the orc priest. Your headbutt misses the orc priest.
The orc priest is almost dead.
You barely miss the black bear.
The orc priest hits you but does no damage.
The orc warrior hits you from afar with a +0 glaive!
The black bear bites you but does no damage.
The black bear claws you but does no damage. x2
You slash the orc priest!
You kill the orc priest!
You barely miss the black bear.
The orc warrior hits you from afar with a +0 glaive.
The black bear bites you but does no damage.
The black bear claws you but does no damage. x2
You hit the black bear but do no damage.
You headbutt the black bear!
The black bear is heavily wounded.
The orc warrior hits you from afar with a +0 glaive!
You die...

...... ......
......####
#.......#
#.......#
#.......#
#...o)h.#
#....)@.#######
#.......<.....#
+...............
#.......#####...
#........ .
######...# #...#
#...# ...


You could see an orc warrior and a black bear.

Vanquished Creatures
  Sigmund (D:4)
  Edmund (D:4)
  A phantom (D:4)
  Blork the orc (D:4)
  3 necrophages
  3 scorpions
  A bullfrog (D:3)
  A howler monkey (D:5)
  3 hounds
  A jelly (D:4)
  An orc priest (D:6)
  Ijyb (D:4)
  An iguana (D:5)
  2 orc wizards
  5 adders
  A white imp (D:5)
  An ufetubus (D:5)
  4 worms
  3 dart slugs
  14 orcs
  6 bats
  7 endoplasms
  2 giant cockroaches
  4 goblins
  5 hobgoblins
  5 quokkas
  9 ball pythons
  A frilled lizard (D:2)
  4 kobolds
  8 rats
  A spectral kobold (D:1)
101 creatures vanquished.

Vanquished Creatures (others)
  4 fungi (D:3)
  3 plants
7 creatures vanquished.

Grand Total: 108 creatures vanquished

Notes
Turn   | Place    | Note
-------+----------+-------------------------------------------
     0 | D:1      | qw the Minotaur Fighter began the quest for the Orb.
     0 | D:1      | Reached XP level 1. HP: 19/19 MP: 0/0
     0 | D:1      | 0 ||| qw: Version: 0.1-a-107-g9ff403c
     0 | D:1      | 0 ||| qw: Game counter: 6059
     0 | D:1      | 0 ||| qw: Always use a shield: true
     0 | D:1      | 0 ||| qw: God list: Ru
     0 | D:1      | 0 ||| qw: Allow faded altars: false
     0 | D:1      | 0 ||| qw: Do Orc after D:15 true
     0 | D:1      | 0 ||| qw: Do second Lair branch before Depths: true
     0 | D:1      | 0 ||| qw: Lair rune preference: random
     0 | D:1      | 0 ||| qw: Plans: Normal
     0 | D:1      | 0 ||| PLANNING D:1-11
    98 | D:1      | Reached skill level 3 in Axes
   216 | D:1      | 216 ||| DROPPING +0 club.
   290 | D:1      | Reached XP level 2. HP: 26/26 MP: 1/1
   575 | D:1      | Found a faded altar of an unknown god.
  1010 | D:1      | Reached skill level 4 in Axes
  1074 | D:1      | 1074 ||| READING scroll labelled ZAEXAE OBITA.
  1075 | D:1      | 1075 ||| READING scroll labelled COHAUTAJEM.
  1076 | D:1      | 1076 ||| READING scroll labelled BUEVENUIPN.
  1077 | D:1      | 1077 ||| DRINKING 2 metallic ruby potions.
  1078 | D:1      | 1078 ||| DROPPING potion of flight.
  1177 | D:2      | 1177 ||| Stepping ~*~*~tactically~*~*~ (stealth).
  1192 | D:2      | 1192 ||| Stepping ~*~*~tactically~*~*~ (stealth).
  1199 | D:2      | 1199 ||| Stepping ~*~*~tactically~*~*~ (stealth).
  1224 | D:2      | Reached XP level 3. HP: 30/31 MP: 2/2
  1353 | D:2      | 1353 ||| Stepping ~*~*~tactically~*~*~ (stealth).
  1375 | D:2      | Reached skill level 5 in Axes
  1404 | D:2      | 1404 ||| Stepping ~*~*~tactically~*~*~ (stealth).
  1406 | D:2      | 1406 ||| Stepping ~*~*~tactically~*~*~ (stealth).
  1408 | D:2      | 1408 ||| Stepping ~*~*~tactically~*~*~ (stealth).
  1410 | D:2      | 1410 ||| Stepping ~*~*~tactically~*~*~ (stealth).
  1412 | D:2      | 1412 ||| Stepping ~*~*~tactically~*~*~ (stealth).
  1414 | D:2      | 1414 ||| Stepping ~*~*~tactically~*~*~ (stealth).
  1416 | D:2      | 1416 ||| Stepping ~*~*~tactically~*~*~ (stealth).
  1418 | D:2      | 1418 ||| Stepping ~*~*~tactically~*~*~ (stealth).
  1420 | D:2      | 1420 ||| Stepping ~*~*~tactically~*~*~ (stealth).
  1534 | D:2      | Reached skill level 1 in Dodging
  1665 | D:2      | Reached XP level 4. HP: 39/39 MP: 3/3
  1729 | D:2      | Identified the +2 pair of gloves of an ossuary {rC++ Int+3
                  | Stlth-}
  1836 | D:2      | 1836 ||| UPGRADING to +0 pair of gloves.
  1841 | D:2      | 1841 ||| UPGRADING to +2 pair of gloves of an ossuary {rC++
                  | Int+3 Stlth-}.
  1851 | D:2      | 1851 ||| DROPPING +0 pair of gloves.
  2048 | D:3      | Reached skill level 1 in Throwing
  2168 | D:3      | Noticed a bullfrog
  2172 | D:3      | Killed a bullfrog
  2173 | D:3      | Reached skill level 6 in Axes
  2173 | D:3      | Reached XP level 5. HP: 34/45 MP: 4/4
  2389 | D:3      | Found a runed translucent door.
  2390 | D:3      | Noticed Crazy Yiuf
  2480 | D:3      | 2480 ||| Stepping ~*~*~tactically~*~*~ (stealth).
  2481 | D:3      | 2481 ||| Stepping ~*~*~tactically~*~*~ (stealth).
  2483 | D:3      | 2483 ||| Stepping ~*~*~tactically~*~*~ (stealth).
  2485 | D:3      | 2485 ||| Stepping ~*~*~tactically~*~*~ (hiding).
  2529 | D:3      | 2529 ||| DROPPING +0 whip.
  2766 | D:3      | 2766 ||| UPGRADING to +0 chain mail.
  2776 | D:3      | 2776 ||| DROPPING +0 scale mail.
  2777 | D:3      | 2777 ||| READING scroll labelled BETORAMEFO.
  2778 | D:3      | 2778 ||| READING scroll labelled OTTIT DUTUPS.
  2844 | D:4      | 2844 ||| READING scroll of brand weapon.
  2844 | D:4      | 2844 ||| BRANDING +0 war axe of electrocution.
  2922 | D:4      | Reached skill level 7 in Axes
  2981 | D:4      | Noticed Sigmund
  2996 | D:4      | Reached XP level 6. HP: 33/52 MP: 5/5
  3019 | D:4      | HP: 11/52 [Sigmund/+0 scythe (6)]
  3022 | D:4      | Killed Sigmund
  3023 | D:4      | Reached skill level 8 in Axes
  3064 | D:4      | 3064 ||| Stepping ~*~*~tactically~*~*~ (stealth).
  3066 | D:4      | 3066 ||| Stepping ~*~*~tactically~*~*~ (stealth).
  3281 | D:4      | Noticed Edmund
  3292 | D:4      | Killed Edmund
  3293 | D:4      | Reached XP level 7. HP: 18/59 MP: 6/6
  3512 | D:4      | 3512 ||| DROPPING +0 flail.
  3654 | D:4      | Noticed Ijyb
  3655 | D:4      | 3655 ||| Stepping ~*~*~tactically~*~*~ (hiding).
  3666 | D:4      | Killed Ijyb
  3667 | D:4      | Reached skill level 9 in Axes
  3778 | D:4      | Found a broken altar of Ashenzari.
  4156 | D:4      | Noticed Blork the orc
  4164 | D:4      | Killed Blork the orc
  4633 | D:4      | 4633 ||| READING scroll labelled JEIZOI ZYOZOI.
  4734 | D:4      | 4734 ||| READING scroll labelled YNIFYNN UROYP.
  4756 | D:5      | Entered Level 5 of the Dungeon
  4777 | D:5      | Found a staircase to the Ecumenical Temple.
  4778 | D:5      | 4778 ||| PLANNING TEMPLE
  4778 | D:5      | 4778 ||| Stepping ~*~*~tactically~*~*~ (stealth).
  4792 | Temple   | Entered the Ecumenical Temple
  4909 | Temple   | Became a worshipper of Ru the Awakened
  4914 | Temple   | 4914 ||| PLANNING D:1-11
  5036 | D:5      | 5036 ||| Stepping ~*~*~tactically~*~*~ (stealth).
  5061 | D:5      | 5061 ||| Stepping ~*~*~tactically~*~*~ (hiding).
  5062 | D:5      | 5062 ||| Stepping ~*~*~tactically~*~*~ (stealth).
  5110 | D:5      | 5110 ||| Stepping ~*~*~tactically~*~*~ (stealth).
  5120 | D:5      | Identified the +5 sling of Eternal Harmony {venom, Str+2
                  | Stlth+}
  5126 | D:5      | 5126 ||| Stepping ~*~*~tactically~*~*~ (stealth).
  5131 | D:5      | Reached XP level 8. HP: 56/68 MP: 7/7
  5139 | D:5      | 5139 ||| Stepping ~*~*~tactically~*~*~ (stealth).
  5189 | D:5      | 5189 ||| Stepping ~*~*~tactically~*~*~ (stealth).
  5200 | D:5      | Reached skill level 10 in Axes
  5299 | D:5      | 5299 ||| Stepping ~*~*~tactically~*~*~ (stealth).
  5300 | D:5      | 5300 ||| Stepping ~*~*~tactically~*~*~ (hiding).
  5324 | D:5      | 5324 ||| FLEEEEING.
  5325 | D:5      | 5325 ||| FLEEEEING.
  5326 | D:5      | 5326 ||| FLEEEEING.
  5327 | D:5      | 5327 ||| FLEEEEING.
  5328 | D:5      | 5328 ||| FLEEEEING.
  5329 | D:5      | 5329 ||| FLEEEEING.
  5330 | D:5      | 5330 ||| FLEEEEING.
  5331 | D:5      | 5331 ||| FLEEEEING.
  5332 | D:5      | 5332 ||| FLEEEEING.
  5333 | D:5      | 5333 ||| FLEEEEING.
  5334 | D:5      | 5334 ||| FLEEEEING.
  5335 | D:5      | 5335 ||| FLEEEEING.
  5473 | D:5      | 5473 ||| Stepping ~*~*~tactically~*~*~ (stealth).
  5480 | D:5      | Reached skill level 6 in Fighting
  5604 | D:5      | 5604 ||| Stepping ~*~*~tactically~*~*~ (stealth).
  5606 | D:5      | 5606 ||| Stepping ~*~*~tactically~*~*~ (stealth).
  5716 | D:5      | 5716 ||| SWAPPING to +0 broad axe.
  5717 | D:5      | 5717 ||| DROPPING +0 vorpal war axe.
  5854 | D:5      | 5854 ||| READING scroll labelled WIYFAFU GASTU.
  5855 | D:5      | 5855 ||| READING scroll labelled ADOOZI BEOGE.
  5855 | D:5      | Identified a scroll of acquirement
  5855 | D:5      | 5855 ||| ACQUIRING ring of willpower
  5855 | D:5      | Acquired a ring of willpower
  5857 | D:5      | 5857 ||| UPGRADING to ring of willpower.
  5858 | D:5      | 5858 ||| READING scroll labelled WIS RAELEPNEA.
  5887 | D:6      | HP: 10/70 [orc warrior/+0 glaive (14)]
  5888 | D:6      | HP: 4/70 [orc warrior/+0 glaive (6)]
  5889 | D:6      | Slain by an orc warrior

Levels and vault maps discovered:
D:1:      dpeg_arrival_renting, layout_loops_corners,
          dreamdust_ecumenical_altar_drowned_temple, serial_bayou_pond_c,
          minmay_heptomino_o4
D:2:      layout_basic, minmay_misc_feat_tower
D:3:      layout_loops_cross, uniq_crazy_yiuf_cottage
D:4:      layout_loops_corners, mainiacjoe_overflow_tiny_flanked,
          chequers_big_river, uniq_blork_the_orc, uniq_ijyb, uniq_sigmund,
          uniq_edmund
D:5:      cheibrodos_helix_gallery, layout_rooms, temple_green, hex_medium
D:6:      lemuel_castle_with_subvaults [lemuel_castle_interior_original],
          layout_basic, dreamdust_wishing_well, minmay_crystal_water
Temple:   mainiacjoe_temple_archimedes_tessellation

Skill      XL: |  1  2  3  4  5  6  7  8 |
---------------+-------------------------+-----
Axes           | 3 4 5 6 7 8 9 10 | 10.5
Dodging        | 1 |  1.0
Throwing       | 1 2 |  2.9
Fighting       | 4 5 6 |  6.0
Armour         | |  3.6
Shields        | |  3.6

Action                   |  1- 3 |  4- 6 |  7- 9 || total
-------------------------+-------+-------+-------++-------
Melee: War axe           |    79 |    58 |    69 ||   206
       Headbutt          |    11 |     7 |    17 ||    35
       Broad axe         |       |       |    11 ||    11
Throw: Javelin           |       |    21 |    21 ||    42
  Use: Scroll            |     3 |     3 |     5 ||    11
       Potion            |     1 |       |       ||     1
Armor: Scale mail        |    19 |    11 |       ||    30
       Chain mail        |       |    18 |    33 ||    51
Dodge: Dodged            |    30 |    17 |    14 ||    61
Block: Buckler           |    12 |    12 |     9 ||    33

Table legend:
 A = Non-vault XP
 B = Vault XP
 C = Vault XP percentage of total XP
 D = Non-vault monster count
 E = Vault monster count
 F = Vault count percentage of total count
                 A         B        C        D         E       F
            +---------+---------+-------+---------+---------+-------
      Total |    1279 |     554 |  30.2 |      90 |      11 |  10.9
            +---------+---------+-------+---------+---------+-------
        D:1 |      23 |       7 |  23.3 |      15 |       5 |  25.0
        D:2 |      73 |       0 |   0.0 |      23 |       0 |   0.0
        D:3 |     165 |       0 |   0.0 |      20 |       0 |   0.0
        D:4 |     478 |     525 |  52.3 |      11 |       4 |  26.7
        D:5 |     419 |      22 |   5.0 |      18 |       2 |  10.0
        D:6 |     121 |       0 |   0.0 |       3 |       0 |   0.0
            +---------+---------+-------+---------+---------+-------
